 Dungeon Crawl Stone Soup version 0.18-a0-241-g014938f (webtiles) character file.

332 Proton the Skirmisher (level 6, -8/56 HPs)
             Began as a Hill Orc Fighter on Nov 25, 2015.
             Was a Follower of Ru.
             Killed by divine providence
             ... invoked by an orc priest
              (15 damage)
             ... on level 5 of the Dungeon.
             The game lasted 00:05:14 (2638 turns).

Proton the Skirmisher (Hill Orc Fighter)            Turns: 2638, Time: 00:05:14

Health: -8/56      AC:  8    Str: 21    XL:     6   Next: 52%
Magic:  6/6        EV:  8    Int:  8    God:    Ru [*.....]
Gold:   183        SH:  9    Dex: 10    Spells: 0 memorised, 5 levels left

rFire  . . .     SeeInvis +     a - +0 long sword
rCold  . . .     Clarity  .     b - +0 scale mail
rNeg   . . .     SustAt   .     c - +0 shield
rPois  .         Gourm    .     (no helmet)
rElec  .         Spirit   .     (no cloak)
rCorr  .         Warding  .     (no gloves)
rMut   .         Stasis   .     q - +0 pair of boots
MR     .....                    (no amulet)
Stlth  ..........               l - ring of flight
                                n - ring of see invisible

@: slowed, very slow, not resistant to hostile enchantments, extremely
unstealthy
A: no charms magic, no poison magic, no transmutations magic
a: Renounce Religion, Convert to Beogh, Evoke Flight


You were on level 5 of the Dungeon.
You worshipped Ru.
Ru was aware of your devotion.
You were not hungry.

You visited 2 branches of the dungeon, and saw 6 of its levels.

You collected 183 gold pieces.

Inventory:

Hand Weapons
 a - a +0 long sword (weapon)
Armour
 b - a +0 scale mail (worn)
 c - a +0 shield (worn)
 q - a +0 pair of boots (worn)
Jewellery
 l - a ring of flight (right hand)
 n - a ring of see invisible (left hand)
Scrolls
 f - 8 scrolls of identify {unknown}
 g - a scroll of remove curse
 i - a scroll of teleportation {unknown}
 k - a scroll of recharging {unknown}
 t - a scroll of amnesia {unknown}
 u - a scroll of noise {unknown}
Potions
 d - a potion of might
 h - a potion of curing {unknown}
 m - a potion of magic {unknown}
 o - a potion of resistance {unknown}
 p - a potion of cure mutation {unknown}
 r - a potion of lignification {unknown}
Comestibles
 e - 4 bread rations
 j - 3 fruits
 s - a beef jerky


   Skills:
 + Level 5.0 Fighting
 + Level 3.5 Long Blades
 + Level 4.5 Armour
 + Level 1.9 Dodging
 + Level 4.7 Shields


You had 5 spell levels left.
You didn't know any spells.

Dungeon Overview and Level Annotations

Branches:
Dungeon (5/15)             Temple (1/1) D:4

Altars:
Elyvilon
Gozag
Kikubaaqudgha
Ru
Vehumet
Xom
Zin


Innate Abilities, Weirdness & Mutations

You cannot study or cast Charms magic.
You cannot study or cast Poison magic.
You cannot study or cast Transmutations magic.


Message History

You see here a scroll labeled ATUIN NUSI.
The orc wizard shouts!
The orc shouts!
The crimson imp shouts!
The orc throws a tomahawk.
You block the tomahawk.
The orc throws a tomahawk.
You block the tomahawk.
You see here 2 tomahawks.
You redirect the crimson imp's attack!
The orc wizard casts a spell at you. The magic dart hits you!
* * * LOW HITPOINT WARNING * * *
A centaur comes into view.
The orc wizard is no longer moving quickly.
The orc wizard casts a spell at you. The magic dart hits you!
* * * LOW HITPOINT WARNING * * *
The centaur moves out of view.
The orc wizard hits you but does no damage.
The orc wizard begins to cast a spell, but is stunned by your will!
The orc priest invokes the aid of Beogh against you.
Something smites you!
You die...

# ..# . ###.. . # #
..#.# . .#.......# ###
. . #.#.# #..###)####.
.. #.#..##.....o##.#.
... #@##....#...#))o(.
..o. #.##?...##.####...
..>..#oo.#..###.###.##.
#....oo.##...#...##.# .
.....goo##..........# .
##.....o5..o...#...## .
##.......o...$#.$.# .
#$.#...#....5....ยง.. .
..##....#....#.....#..


You could see an orc priest, 3 orc wizards, a gnoll, a crimson imp and 3 orcs.

Vanquished Creatures
  A scorpion (D:4)
  A crimson imp (D:4)
  3 orc wizards
  3 worker ants (D:4)
  6 adders
  A worm (D:2)
  3 orcs
  3 giant cockroaches
  2 goblins
  5 hobgoblins
  3 jackals
  4 kobolds
  5 bats
  2 giant geckos
  4 giant newts
  A quokka (D:2)
  6 rats
53 creatures vanquished.

Notes
Turn   | Place    | Note
--------------------------------------------------------------
     0 | D:1      | Proton the Hill Orc Fighter began the quest for the Orb.
     0 | D:1      | Reached XP level 1. HP: 19/19 MP: 1/1
   289 | D:1      | Reached XP level 2. HP: 25/27 MP: 2/2
   770 | D:2      | Reached XP level 3. HP: 33/33 MP: 3/3
   822 | D:2      | Found an opulent altar of Gozag.
   920 | D:2      | Found a faded altar to an unknown god.
  1078 | D:2      | Reached skill level 4 in Fighting
  1078 | D:2      | Reached skill level 1 in Dodging
  1079 | D:2      | Found a sacrificial altar of Ru.
  1084 | D:2      | Found a radiant altar of Vehumet.
  1089 | D:2      | Became a worshipper of Ru the Awakened
  1304 | D:3      | Reached XP level 4. HP: 37/40 MP: 4/4
  1314 | D:3      | Noticed an ogre
  1522 | D:3      | Found an ancient bone altar of Kikubaaqudgha.
  1832 | D:4      | Reached XP level 5. HP: 41/47 MP: 5/5
  2140 | D:4      | Reached XP level 6. HP: 47/53 MP: 6/6
  2167 | D:4      | Found a staircase to the Ecumenical Temple.
  2173 | Temple   | Entered the Ecumenical Temple
  2496 | D:5      | Entered Level 5 of the Dungeon
  2500 | D:5      | Reached skill level 5 in Fighting
  2606 | D:5      | Gained mutation: You cannot study or cast Poison magic. [Ru sacrifice]
  2606 | D:5      | Gained mutation: You cannot study or cast Transmutations magic. [Ru sacrifice]
  2606 | D:5      | Gained mutation: You cannot study or cast Charms magic. [Ru sacrifice]
  2606 | D:5      | Reached * piety under Ru
  2638 | D:5      | Killed from afar by an orc priest

Vault maps used:
D:1:      lightli_iron_boxes
D:2:      minitemple, grunt_gozag_statues, ecumenical_altar_1
D:3:      lemuel_doored_altar, kennysheep_nub, serial_bayou_lagoon_b
D:4:      minmay_temple_entry_statues_pillars, first_bread
D:5:      nrook_loot_triangle, hangedman_feature_mirror, elyvilon_altar_5
Temple:   triangle_lava_temple_11

Action                   |  1- 3 |  4- 6 || total
-------------------------+-------+-------++-------
Melee: Long sword        |    92 |   122 ||   214
Invok: Sacrifice Arcana  |       |     1 ||     1
  Use: Scroll            |       |     1 ||     1
  Eat: Pizza             |     1 |       ||     1
       Bread ration      |       |     1 ||     1
